 Dungeon Crawl Stone Soup version 0.31-a0-1025-g2e47921a08 (webtiles) character file.

Game seed: 16303607676210618915

506 kae the Vexing (level 6, -7/41 HPs)
             Began as a Demonspawn Enchanter on Nov 17, 2023.
             Mangled by a wraith (10 damage)
             ... in an ossuary.
             The game lasted 00:04:57 (4638 turns).

kae the Vexing (Demonspawn Enchanter)               Turns: 4638, Time: 00:04:58

Health: -7/41      AC:  6    Str: 10    XL:     6   Next: 97%
Magic:  10/10      EV: 12    Int: 17    God:
Gold:   171        SH:  0    Dex: 13    Spells: 3/11 levels left

rFire   . . .        a - +1 dagger
rCold   . . .        (no shield)
rNeg    . . .        b - +0 robe
rPois   .            m - +0 hat
rElec   .            (no cloak)
rCorr   .            d - +0 pair of gloves
SInv    +            (no boots)
Will    .....        (no amulet)
Stlth   ++           v - ring of see invisible
HPRegen 0.26/turn    (no ring)
MPRegen 0.24/turn

%: no passive effects
@: slowed, very slow
A: slimy green scales 2, powered by death 1, magic regeneration
a: no special abilities


You were in an ossuary.
You visited 2 branches of the dungeon, and saw 5 of its levels.
You also visited: Ossuary.

You collected 171 gold pieces.


Innate Abilities, Weirdness & Mutations

You are mostly covered in slimy green scales. (AC +3)
You regenerate a little health from kills.
You regenerate magic rapidly.


   Skills:
 * Level 3.9 Short Blades
 - Level 1.7 Dodging
 + Level 4.0 Stealth
 + Level 3.3 Spellcasting
 + Level 4.1 Hexes
 + Level 2.3 Ice Magic


You had 3 spell levels left.
You knew the following spells:

 Your Spells              Type           Power      Damage    Failure   Level
a - Ensorcelled Hibernat  Hex/Ice        26%        N/A       7%          2
b - Confusing Touch       Hex            16%        N/A       10%         3
c - Tukima's Dance        Hex            16%        N/A       10%         3

Your spell library contained the following spells:

 Spells                   Type           Power      Damage    Failure   Level
 Dazzling Flash           Conj/Hex       18%        N/A       22%         3
 Poisonous Vapours        Pois/Air       4%         N/A       26%         2
 Mephitic Cloud           Conj/Pois/Air  2%         N/A       45%         3
 Freezing Cloud           Conj/Ice/Air   2%         6-21      98%         5

Inventory:

Hand Weapons
 a - a +1 dagger (weapon)
Missiles
 e - 3 boomerangs
 g - 35 stones
 k - 10 poisoned darts
Armour
 b - a +0 robe (worn)
 d - a +0 pair of gloves (worn)
   (You found it on level 2 of the Dungeon)
 m - a +0 hat (worn)
   (You found it on level 3 of the Dungeon)
Jewellery
 v - a ring of see invisible (left hand)
   (You found it on level 4 of the Dungeon)
Potions
 c - 3 potions of invisibility
 h - a potion of resistance {unknown}
 i - a potion of enlightenment

Dungeon Overview and Level Annotations

Branches:
Dungeon (4/15) Zot: 20181  Temple (1/1) D:4 Zot: 5995 Ossuary (1/1) Zot: 5237

Altars:
Fedhas
Hepliaklqana
Kikubaaqudgha
Makhleb
Nemelex Xobeh
Okawaru
Ru
Sif Muna
Trog
Uskayaw
Vehumet
Wu Jian
Xom
Yredelemnul

Annotations:
D:4 3 runed translucent doors, exclusion: scorpion, Pi314's ghost, amateur DrSh

#......# ?? #......#
#......## !? ##......#
#.......## #. ##.......#
#....8...####. ###...8....#
#...8#8....##.##....8#8...#
#....8......#'#......8....#
#...........#.............#
##..........#..W.........##
##.........#..@........##
##........#..........##
######'''############
#....∩# #....∩# #######


You could see a wraith.


Message History

You hit the centaur zombie. You hit the centaur zombie. 😕 MP[+1]
You hit the centaur zombie. The centaur zombie misses you.
The centaur zombie barely misses you.
You hit the centaur zombie.
The centaur zombie barely misses you. x2 😕 HP[+1]
You hit the centaur zombie. The centaur zombie hits you.
The centaur zombie misses you.
You hit the centaur zombie. The centaur zombie hits you.
The centaur zombie closely misses you.
The centaur zombie hits itself.
The centaur zombie kicks itself. 😮 HP[-5]
You take 5 damage, and now have 30/41 hp.
You hit the centaur zombie. You hit the centaur zombie. 😮 MP[+1]
You hit the centaur zombie.
You destroy the centaur zombie!
No target in view! 😕 HP[+2]
You regained 2 hp, and now have 32/41 hp.
No target in view!
No target in view!
No target in view!
No target in view!
You start resting. 😕 HP[+2] MP[+1]
You regained 2 hp, and now have 34/41 hp.
Your mp is fully restored (10).
You open the door.
A wraith comes into view.
Found five items.
Found a gate leading back out of this place. 😎 HP[+7]
Your hp is fully restored (41).
A wraith is nearby!
A wraith is nearby!
A wraith is nearby!
You cannot cast spells when silenced!
Casting: Confusing Touch (dangerous; 10% risk of failure)
Confirm with . or Enter, or press ? or * to list all spells.
Your hands begin to glow red. 😎 MP[-3]
You lost 3 mp, and now have 7/10 mp.
You hit the wraith but do no damage. The wraith hits you.
You closely miss the wraith. The wraith hits you.
The wraith drains your vigour!
You feel yourself slow down. 😕 HP[-5]
You take 5 damage, and now have 36/41 hp.
You barely miss the wraith. The wraith barely misses you.
You barely miss the wraith. The wraith hits you! The wraith drains your vigour!
You feel as though you will be slow longer. 😮 HP[-7] MP[+1]
You take 7 damage, and now have 29/41 hp.
You barely miss the wraith. The wraith hits you. The wraith drains your vigour!
You feel as though you will be slow longer.
You hit the wraith but do no damage. The wraith hits you!
The wraith drains your vigour!
You feel as though you will be slow longer.
The wraith hits you but does no damage. 😮 HP[-8] MP[+1]
You take 8 damage, and now have 21/41 hp.
You are too injured to fight recklessly!
You are too injured to fight recklessly!
Unknown command.
You barely miss the wraith. The wraith hits you.
* * * LOW HITPOINT WARNING * * *
The wraith drains your vigour!
You feel as though you will be slow longer. 😨 HP[-5]
You take 5 damage, and now have 16/41 hp.
You hit the wraith but do no damage. The wraith hits you.
* * * LOW HITPOINT WARNING * * *
The wraith drains your vigour!
You feel as though you will be slow longer. 😨 HP[-1]
You take 1 damage, and now have 15/41 hp.
Unknown command.
You barely miss the wraith. The wraith closely misses you.
You hit the wraith but do no damage.
Your hands stop glowing.
The wraith hits you.
* * * LOW HITPOINT WARNING * * *
The wraith completely misses you. 😨 HP[-4] MP[+1]
You take 4 damage, and now have 11/41 hp.
Your mp is fully restored (10).
Unknown command.
You hit the wraith but do no damage. The wraith hits you!
* * * LOW HITPOINT WARNING * * *
The wraith drains your vigour!
You feel as though you will be slow longer. 😱 HP[-8]
You take 8 damage, and now have 3/41 hp.
You hit the wraith but do no damage. The wraith hits you but does no damage.
Unknown command.
It was a potion of magic.
Magic courses through your body. The wraith hits you!
You die...

Skill      XL: |  1  2  3  4  5  6 |
---------------+-------------------+-----
Short Blades   | 1 2 3 |  3.9
Stealth        | 3 4 |  4.0
Ice Magic      | 1 2 |  2.3
Spellcasting   | 3 |  3.3
Hexes          | 4 |  4.1
Dodging        | |  1.7

Action                     |  1- 3 |  4- 6 || total
---------------------------+-------+-------++-------
  Melee: Dagger            |   224 |   320 ||   544
         Punch             |       |     3 ||     3
   Cast: Ensorcelled Hiber |    11 |     5 ||    16
         Confusing Touch   |       |    19 ||    19
    Use: Scroll            |     3 |     1 ||     4
         Potion            |       |     2 ||     2
   Stab: Sleeping          |    11 |     5 ||    16
         Confused          |       |    15 ||    15
 Armour: Robe              |   127 |   161 ||   288
  Dodge: Dodged            |   122 |   185 ||   307

Levels and vault maps discovered:
D:1:      minmay_arrival_doors, layout_loops_corners, serial_co_window_serial,
          co_window_corner_a, co_window_paths_a, co_window_paths_a,
          co_window_paths_a, co_window_corner_a, co_window_paths_c,
          co_window_unsneaky_path_a, co_window_unsneaky_path_c,
          co_window_2corner, co_window_broadway_b, co_window_cross_4,
          co_window_unsneaky_path_e, glass_columns_a, glass_columns_a,
          glass_columns_b
D:2:      layout_basic
D:3:      layout_loops_ring, okawaru_ov_weapons_minmay, serial_co_window_serial,
          co_window_of_opportunity_a, co_window_cross_1, co_window_corner_a,
          co_window_corner_a, co_window_of_opportunity_a, co_window_corner_a,
          co_window_paths_a, co_window_paths_a, co_window_paths_a,
          co_window_unsneaky_path_d, co_window_of_opportunity_c,
          co_window_unsneaky_path_d, co_window_paths_e, glass_columns_a,
          glass_columns_c, glass_columns_a, st_stairs_6, grunt_ministairs_6,
          chequers_serial_rivers_micro_b, minmay_misc_feat_nine_boxes,
          uniq_natasha
D:4:      layout_loops_corners, temple_doors_e,
          mainiacjoe_ossuary_entry_dusty_tomb, gammafunk_ghost_split,
          lightli_minifort
Temple:   compressed_dpeg_circular_temple
Ossuary:  ossuary_hellmonk_silent_tomb

Notes
Turn   | Place    | Note
-------+----------+-------------------------------------------
     0 | D:1      | kae the Demonspawn Enchanter began the quest for the Orb.
     0 | D:1      | Reached XP level 1. HP: 13/13 MP: 3/3
     0 | D:1      | magus.rc [v1.11.3]
   160 | D:1      | Reached skill level 1 in Short Blades
   760 | D:1      | Gained mutation: You regenerate magic rapidly. [demonic
                  | ancestry]
   760 | D:1      | Reached XP level 2. HP: 19/19 MP: 5/5
   870 | D:1      | Learned a level 2 spell: Ensorcelled Hibernation
   966 | D:1      | HP: 4/19 [jackal (2)]
   966 | D:1      | HP: 1/19 [jackal (3)]
  1069 | D:1      | You pick up a book of Vapours and begin reading...
  1069 | D:1      | You add the spells Poisonous Vapours, Mephitic Cloud and
                  | Freezing Cloud to your library.
  1659 | D:2      | Reached skill level 3 in Stealth
  1829 | D:2      | Gained mutation: You regenerate a little health from kills.
                  | [demonic ancestry]
  1829 | D:2      | Reached XP level 3. HP: 23/24 MP: 6/6
  1833 | D:2      | Learned a level 3 spell: Confusing Touch
  2033 | D:2      | Identified the +5 quarterstaff of the Hurling Tiger {heavy,
                  | Will+ Stlth+}
  2147 | D:2      | Reached skill level 2 in Short Blades
  2623 | D:3      | Found an iron altar of Okawaru.
  2768 | D:3      | Reached skill level 1 in Ice Magic
  2768 | D:3      | Gained mutation: You are partially covered in slimy green
                  | scales. (AC +2) [demonic ancestry]
  2768 | D:3      | Reached XP level 4. HP: 20/30 MP: 4/7
  3397 | D:3      | Noticed Natasha
  3410 | D:3      | Killed Natasha
  3628 | D:4      | Found a staircase to the Ecumenical Temple.
  3633 | Temple   | Entered the Ecumenical Temple
  3666 | D:4      | Found a runed translucent gate.
  3666 | D:4      | Found a runed translucent gate.
  3666 | D:4      | Found a runed translucent gate.
  3668 | D:4      | Noticed Pi314's ghost (amateur DrSh)
  3707 | D:4      | Noticed a scorpion
  3714 | D:4      | Noticed a phantom
  3723 | D:4      | Learned a level 3 spell: Tukima's Dance
  3732 | D:4      | Found a sand-covered staircase.
  3760 | D:4      | HP: 6/30 [phantom (5)]
  3761 | D:4      | Killed a phantom
  3762 | D:4      | Reached skill level 3 in Short Blades
  3762 | D:4      | Gained mutation: You are mostly covered in slimy green
                  | scales. (AC +3) [demonic ancestry]
  3762 | D:4      | Reached XP level 5. HP: 7/35 MP: 7/9
  3837 | Ossuary  | Entered an ossuary
  4064 | Ossuary  | Reached XP level 6. HP: 24/41 MP: 10/10
  4155 | Ossuary  | Reached skill level 3 in Spellcasting
  4291 | Ossuary  | Reached skill level 2 in Ice Magic
  4409 | Ossuary  | HP: 8/41 [water moccasin zombie (3)]
  4412 | Ossuary  | HP: 3/41 [water moccasin zombie (5)]
  4420 | Ossuary  | Reached skill level 4 in Hexes
  4546 | Ossuary  | Reached skill level 4 in Stealth
  4621 | Ossuary  | Noticed a wraith
  4636 | Ossuary  | HP: 3/41 [wraith (9)]
  4638 | Ossuary  | Mangled by a wraith

Vanquished Creatures
  A phantom (D:4)
  2 water moccasin zombies (Ossuary)
  A bullfrog zombie (Ossuary)
  A human zombie (Ossuary)
  A centaur zombie (Ossuary)
  An iguana (D:3)
  A scorpion zombie (Ossuary)
  Natasha (D:3)
  3 ogre zombies (Ossuary)
  2 adders
  2 adder zombies (Ossuary)
  A worm (D:2)
  2 dart slugs
  An orc (D:3)
  4 endoplasms
  4 giant cockroaches
  2 gnoll zombies (Ossuary)
  5 goblins
  3 hobgoblins
  8 jackals
  6 kobolds
  2 quokkas
  4 ball pythons
  2 bats
  4 frilled lizards
  2 goblin zombies (Ossuary)
  7 hobgoblin zombies (Ossuary)
  2 orc zombies (Ossuary)
  6 rats
81 creatures vanquished.

Table legend:
 A = Non-vault XP
 B = Vault XP
 C = Vault XP percentage of total XP
 D = Non-vault monster count
 E = Vault monster count
 F = Vault count percentage of total count
                 A         B        C        D         E       F
            +---------+---------+-------+---------+---------+-------
      Total |     250 |     474 |  65.5 |      53 |      28 |  34.6
            +---------+---------+-------+---------+---------+-------
        D:1 |      23 |       0 |   0.0 |      13 |       0 |   0.0
        D:2 |      43 |       0 |   0.0 |      17 |       0 |   0.0
        D:3 |      79 |      37 |  31.9 |      19 |       4 |  17.4
        D:4 |     105 |       0 |   0.0 |       4 |       0 |   0.0
    Ossuary |       0 |     437 | 100.0 |       0 |      24 | 100.0
            +---------+---------+-------+---------+---------+-------

Skill      XL: |  1  2  3  4  5  6 |
---------------+-------------------+-----
Short Blades   | 1 2 3 |  3.9
Stealth        | 3 4 |  4.0
Ice Magic      | 1 2 |  2.3
Spellcasting   | 3 |  3.3
Hexes          | 4 |  4.1
Dodging        | |  1.7

Action                     |  1- 3 |  4- 6 || total
---------------------------+-------+-------++-------
  Melee: Dagger            |   224 |   320 ||   544
         Punch             |       |     3 ||     3
   Cast: Ensorcelled Hiber |    11 |     5 ||    16
         Confusing Touch   |       |    19 ||    19
    Use: Scroll            |     3 |     1 ||     4
         Potion            |       |     2 ||     2
   Stab: Sleeping          |    11 |     5 ||    16
         Confused          |       |    15 ||    15
 Armour: Robe              |   127 |   161 ||   288
  Dodge: Dodged            |   122 |   185 ||   307

Illustrated notes

Table legend:
 A = Kills in this place as a percentage of kills in the entire game.
 B = Kills by you in this place as a percentage of kills by you in the entire game.
 C = Kills by friends in this place as a percentage of kills by friends in the entire game.
 D = Other kills in this place as a percentage of other kills in the entire game.
 E = Experience gained in this place as a percentage of experience gained in the entire game.
 F = Experience gained in this place divided by the number of levels of this place that you have seen.
                   A       B       C       D       E      F
               +-------+-------+-------+-------+-------+----------------------
         Total | 100.0 | 100.0 |   N/A |   N/A | 100.0 | 120.7
       Dungeon |  70.4 |  70.4 |   N/A |   N/A |  39.6 |  71.8
       Ossuary |  29.6 |  29.6 |   N/A |   N/A |  60.4 | 437.0
               +-------+-------+-------+-------+-------+----------------------

Table legend: (Time is in decaauts)
 A = Elapsed time spent in this place.
 B = Non-inter-level travel time spent in this place.
 C = Inter-level travel time spent in this place.
 D = Time resting spent in this place.
 E = Time spent auto-exploring this place.
 F = Levels seen in this place.
 G = Mean time per level.
                   A        B        C        D        E       F      G
               +--------+--------+--------+--------+--------+-----+--------+
         Total |   4584 |   4417 |    167 |    679 |   2634 |   6 |  764.0 |
       Dungeon |   3819 |   3652 |    167 |    408 |   2561 |   4 |  954.8 |
        Temple |      4 |      4 |      0 |      0 |      0 |   1 |    4.0 |
       Ossuary |    761 |    761 |      0 |    271 |     73 |   1 |  761.0 |
               +--------+--------+--------+--------+--------+-----+--------+

Top non-repeatable levels by time:
     D:1: 1605 daAuts
     D:3: 1252 daAuts
 Ossuary: 761 daAuts
     D:2: 708 daAuts
     D:4: 252 daAuts
  Temple: 4 daAuts
